 Dungeon Crawl Stone Soup version 0.23-a0-49-gd9f7a49 (webtiles) character file.

53361 Amnesiac the Devastator (level 14, -28/85 HPs)
             Began as a Mummy Conjurer on Aug 7, 2018.
             Was a High Priest of Vehumet.
             Annihilated by Rupert
             ... wielding a +5 antimagic battleaxe
              (36 damage)
             ... on level 2 of the Orcish Mines.
             The game lasted 00:59:24 (25937 turns).

Amnesiac the Devastator (Mummy Conjurer)           Turns: 25937, Time: 00:59:25

Health: -28/85     AC:  8    Str: 12    XL:     14   Next: 30%
Magic:  0/34       EV: 11    Int: 18    God:    Vehumet [*****.]
Gold:   1053       SH:  0    Dex: 13    Spells: 0/45 levels left

rFire    x . .     SeeInvis +   a - +1 scimitar (flame)
rCold    + . .     Gourm    .   (no shield)
rNeg     + + +     Faith    .   w - +0 troll leather armour
rPois    ∞         Spirit   .   (no helmet)
rElec    .         Reflect  .   q - +2 cloak {rPois}
rCorr    .         Harm     +   k - +0 pair of gloves
MR       ++...                  (no boots)
Stlth    ++........             u - amulet of harm
HPRegen  0.64/turn              r - ring of protection from magic
MPRegen  0.24/turn              s - ring of see invisible

@: about to teleport, very slightly contaminated
A: no food or potions, fire vulnerability, cold resistance 1, negative energy
resistance 3, torment resistance, unbreathing, in touch with death 1
a: Renounce Religion


You were on level 2 of the Orcish Mines.
You worshipped Vehumet.
Vehumet was extremely pleased with you.
You were not hungry.

You visited 4 branches of the dungeon, and saw 19 of its levels.

You collected 1133 gold pieces.
You spent 80 gold pieces at shops.

Inventory:

Hand Weapons
 a - a +1 scimitar of flaming (weapon)
 b - a +7 blowgun
Missiles
 e - 59 poisoned needles
 i - 7 curare-tipped needles
Armour
 k - a +0 pair of gloves (worn)
 q - a +2 cloak of poison resistance (worn)
 v - +0 acid dragon scales
 w - a +0 troll leather armour (worn)
Jewellery
 r - a ring of protection from magic (left hand)
 s - a ring of see invisible (right hand)
 u - an amulet of harm (around neck)
Wands
 g - a wand of polymorph (28)
 m - a wand of iceblast (13)
 n - a wand of clouds (1)
 p - a wand of paralysis (5)
 t - a wand of digging (10)
Scrolls
 c - 8 scrolls of teleportation {!r}
 d - 6 scrolls of enchant armour {!r}
 f - 7 scrolls of identify {!r}
 h - 2 scrolls of silence {!r}
 j - 2 scrolls of amnesia {!r}
 l - 3 scrolls of magic mapping {!r}
 o - 3 scrolls of fog {!r}


   Skills:
 - Level 1.5 Dodging
 - Level 1.5 Stealth
 + Level 16.2 Spellcasting
 * Level 16.3 Conjurations
 - Level 4.0 Hexes
 - Level 1.0 Transmutations
 + Level 3.1 Fire Magic


You couldn't memorise any spells.
You knew the following spells:

 Your Spells              Type           Power        Failure   Level  Hunger
a - Iskenderun's Mystic   Conj           ######..     1%          4    N/A
b - Passwall              Tmut/Erth      ###.....     7%          2    N/A
c - Bolt of Cold          Conj/Ice       #####.....   8%          6    N/A
d - Bolt of Fire          Conj/Fire      #####.....   4%          6    N/A
e - Force Lance           Conj/Tloc      #####...     1%          4    N/A
f - Freezing Cloud        Conj/Ice/Air   ####......   22%         6    N/A
g - Dazzling Spray        Conj/Hex       ######       1%          3    N/A
h - Searing Ray           Conj           ######       0%          2    N/A
q - Fulminant Prism       Conj/Hex       ######....   1%          4    N/A
w - Yara's Violent Unrav  Hex/Tmut       ###.......   13%         5    N/A
z - Ozocubu's Armour      Chrm/Ice       ##......     16%         3    N/A

Your spell library contained the following spells:

 Spells                   Type           Power        Failure   Level  Hunger
 Magic Dart               Conj           ####         0%          1    N/A
 Lightning Bolt           Conj/Air       #####.....   1%          5    N/A
 Confuse                  Hex            ####....     3%          3    N/A
 Invisibility             Hex            ####....     83%         6    N/A
 Throw Frost              Conj/Ice       #####.       1%          2    N/A
 Freeze                   Ice            ##..         1%          1    N/A
 Summon Ice Beast         Ice/Summ       ##......     47%         4    N/A
 Tukima's Dance           Hex            ####....     3%          3    N/A
 Shock                    Conj/Air       ####         1%          1    N/A
 Swiftness                Chrm/Air       ##......     9%          2    N/A
 Throw Icicle             Conj/Ice       #####...     1%          4    N/A
 Airstrike                Air            ##........   14%         4    N/A
 Confusing Touch          Hex            ####..       1%          1    N/A
 Ensorcelled Hibernation  Hex/Ice        ###...       3%          2    N/A
 Metabolic Englaciation   Hex/Ice        ###.......   54%         5    N/A
 Static Discharge         Conj/Air       #####...     1%          3    N/A
 Corona                   Hex            ####...      1%          1    N/A
 Lee's Rapid Deconstruct  Erth           ##........   36%         5    N/A
 Petrify                  Tmut/Erth      ###.....     41%         4    N/A
 Passage of Golubria      Tloc           N/A          47%         4    N/A
 Darkness                 Hex            ####......   83%         6    N/A
 Gell's Gravitas          Tloc           ##........   16%         3    N/A

Dungeon Overview and Level Annotations

Branches:
Dungeon (15/15)            Temple (1/1) D:4            Lair (1/6) D:8
    Orc (2/2) D:12         Vaults (0/5) D:13         Depths (0/5) D:15
    Elf: Orc:2

Altars:
Cheibriados
Dithmenos
Elyvilon
Fedhas
Hepliaklqana
Okawaru
Qazlal
Ru
Trog
Vehumet
Xom
Yredelemnul
Zin
Beogh

Shops:
D:4 [   D:6 *(*?(   D:8 !   D:12 }   D:15 *

Portals:
Trove: D:15 (give +3 gold dragon scales)

Annotations:
D:8 fly/blink
D:10 Harold, Snorg
Orc:2 Rupert


Innate Abilities, Weirdness & Mutations

You do not eat or drink.
Your flesh is vulnerable to fire.
You are immune to poison.
Your flesh is cold resistant. (rC+)
You are immune to negative energy. (rN+++)
You are immune to unholy pain and torment.
You can survive without breathing.
You are in touch with the powers of death.


Message History

Okay, then.
Casting: Bolt of Fire (safe; 4% risk of failure)
Confirm with . or Enter, or press ? or * to list all spells.
Aiming: Freezing Cloud (quite dangerous; 22% risk of failure)
Press: ? - help, Dir - move target cursor, f - orc priest
Aim: an orc priest, wielding a short sword You miscast Freezing Cloud.
You are very lightly contaminated with residual magic.
The air around you crackles with energy!
The orc priest looks braver for a moment.
Casting: Freezing Cloud (quite dangerous; 22% risk of failure)
Confirm with . or Enter, or press ? or * to list all spells.
Aiming: Freezing Cloud (quite dangerous; 22% risk of failure)
Press: ? - help, Dir - move target cursor The orc is engulfed in freezing vapours.
You kill the orc!
Vehumet accepts your kill.
You feel your power returning. The orc priest closely misses you.
The orc hits you but does no damage.
Casting: Freezing Cloud (quite dangerous; 22% risk of failure)
Confirm with . or Enter, or press ? or * to list all spells.
Aiming: Freezing Cloud (quite dangerous; 22% risk of failure)
Press: ? - help, Dir - move target cursor That beam is likely to hit you.
Continue anyway?
Rupert is engulfed in freezing vapours.
Rupert roars madly and goes into a rage!
Rupert goes berserk!
The orc priest is engulfed in freezing vapours.
You kill the orc priest!
Vehumet accepts your kill.
The orc is engulfed in freezing vapours.
You kill the orc!
Vehumet accepts your kill.
You feel your power returning.
Really walk into that cloud of freezing vapour?
You are engulfed in freezing vapours.
You resist.
Rupert is engulfed in freezing vapours. x2
Rupert hits you with an antimagic battleaxe!
You feel your power leaking away.
Things that are here:
a leather armour; an orc corpse Rupert is engulfed in freezing vapours.
Rupert rages.
Casting: Freezing Cloud (quite dangerous; 22% risk of failure)
Confirm with . or Enter, or press ? or * to list all spells.
Okay, then.
Casting: Freezing Cloud (quite dangerous; 22% risk of failure)
Confirm with . or Enter, or press ? or * to list all spells.
Aiming: Bolt of Cold (slightly dangerous; 8% risk of failure)
Press: ? - help, Shift-Dir - straight line, f - orc priest
Aim: an orc priest, wielding a short sword The bolt of cold misses Rupert.
The bolt of cold hits the orc warrior.
The orc warrior is severely wounded.
The bolt of cold misses the orc priest.
Rupert is engulfed in freezing vapours.
Rupert hits you with an antimagic battleaxe!!!
Ouch! That really hurt!
* * * LOW HITPOINT WARNING * * *
You feel your power leaking away.
Unknown command.
Really read
c - 9 scrolls of teleportation {!r}?
As you read the scroll of teleportation {!r}, it crumbles to dust.
You feel strangely unstable.
Rupert is engulfed in freezing vapours.
Rupert hits you with an antimagic battleaxe!!
You die...

.#.. #...#.<##.)...).###
....# #o.....###.[)).##
.....##....§§##.......##
.....@..o§§#.....)...##
......#o§§§..###.....#
##..####§§§..# ##....#
.#.#..@#.#.§§§..####....#
.......).##§@§.........##
$$..........@.........##
.....#.......#.#.....##
.... ##....#####...###
#.# ##.### #...# # ###
##.## ###


You could see Rupert (berserk), an orc warrior and an orc priest.

Vanquished Creatures
  Azrael (D:15)
  Erolcha (D:9)
  9 vault guards
  A rakshasa (D:15)
  2 hydras
  4 two-headed ogres
  Sonja (D:11)
  An unseen horror (D:11)
  2 wizards (D:15)
  An orange crystal statue (D:11)
  A necromancer (D:15)
  A wolf spider zombie (D:14)
  A harpy (shapeshifter) (D:14)
  An orc sorcerer (D:15)
  An orc knight (Orc:1)
  17 ugly things
  The ghost of melvinkitnick the Covert, a novice OpAs of Makhleb (D:7)
  5 cyclopes
  Maurice (D:9)
  An ice statue (D:8)
  4 centaur zombies (D:15)
  A naga mage (D:15)
  A water nymph (shapeshifter) (D:14)
  A gargoyle (D:13)
  A komodo dragon (D:8)
  A freezing wraith (D:14)
  7 ice devils (D:8)
  3 kobold demonologists
  3 trolls
  A hornet (D:14)
  9 slime creatures
  6 hippogriffs
  2 shadows (D:12)
  3 wyverns
  A spriggan (D:7)
  2 fire elementals (D:15)
  4 wraiths
  14 yaks
  Grum (D:11)
  14 vampire mosquitoes
  3 steam dragons
  4 acid dragons
  4 hell hounds (D:15)
  4 ice beasts
  3 sky beasts
  A water moccasin (D:8)
  19 orc warriors
  An eye of draining (D:11)
  2 phantoms
  7 ogres
  4 wolves (D:11)
  A necrophage (D:13)
  7 centaurs
  2 crocodiles
  20 bullfrogs
  5 big kobolds
  Blork the orc (D:6)
  A gnoll sergeant (D:11)
  A water moccasin zombie (D:9)
  2 wyvern skeletons
  A water moccasin skeleton (D:4)
  4 scorpions
  6 killer bees (D:11)
  3 wights
  A howler monkey (D:5)
  A bullfrog zombie (D:12)
  2 quasits
  4 crimson imps
  5 hounds
  3 jellies
  19 orc priests
  7 centaur skeletons
  A gnoll shaman (D:5)
  2 bullfrog skeletons
  5 iguanas
  16 orc wizards
  13 worker ants
  A killer bee zombie (D:8)
  2 hound zombies
  A hound skeleton (D:6)
  A howler monkey zombie (D:11)
  2 worker ant zombies
  12 gnolls
  11 adders
  2 shadow imps
  5 ufetubi (D:8)
  2 oozes
  7 worms
  A dart slug (D:1)
  6 leopard geckos
  100 orcs
  6 giant cockroaches
  6 hobgoblins
  13 jackals
  8 quokkas
  2 ball pythons (D:2)
  6 bats
  5 frilled lizards
  11 goblins
  A jackal zombie (D:7)
  23 kobolds
  A quokka skeleton (D:5)
  10 rats
  A toadstool (D:1)
563 creatures vanquished.

Vanquished Creatures (others)
  9 fulminant prisms (D:11)
  3 toadstools (D:1)
12 creatures vanquished.

Grand Total: 575 creatures vanquished

Notes
Turn   | Place    | Note
-------+----------+-------------------------------------------
     0 | D:1      | Amnesiac the Mummy Conjurer began the quest for the Orb.
     0 | D:1      | Reached XP level 1. HP: 13/13 MP: 4/4
   328 | D:3      | Noticed an orc wizard
   393 | D:2      | Found a basalt altar of Yredelemnul.
   446 | D:2      | Reached XP level 2. HP: 19/19 MP: 6/6
   450 | D:2      | Learned a level 2 spell: Searing Ray
   868 | D:3      | Reached XP level 3. HP: 24/24 MP: 4/8
  1532 | D:3      | Reached XP level 4. HP: 21/30 MP: 5/10
  1573 | D:3      | Learned a level 4 spell: Iskenderun's Mystic Blast
  1663 | D:5      | Entered Level 5 of the Dungeon
  1850 | D:4      | Reached XP level 5. HP: 27/35 MP: 2/11
  2052 | D:4      | Reached skill level 5 in Conjurations
  2203 | D:4      | Reached skill level 5 in Spellcasting
  2208 | D:4      | Reached XP level 6. HP: 12/41 MP: 1/13
  2446 | D:4      | Found Aniaca's Antique Armour Shop.
  2499 | D:3      | Found a snail-covered altar of Cheibriados.
  2802 | D:4      | Found a staircase to the Ecumenical Temple.
  2815 | Temple   | Entered the Ecumenical Temple
  2846 | Temple   | Became a worshipper of Vehumet
  3879 | D:2      | Reached * piety under Vehumet
  3879 | D:2      | Offered knowledge of Freeze by Vehumet.
  4748 | D:3      | Reached XP level 7. HP: 46/46 MP: 11/15
  5211 | D:5      | Reached ** piety under Vehumet
  5211 | D:5      | Offered knowledge of Shock by Vehumet.
  5776 | D:6      | Found Cuirojap's General Store.
  5779 | D:6      | Bought a scroll of fear for 38 gold pieces
  5785 | D:6      | Noticed Blork the orc
  5792 | D:6      | Killed Blork the orc
  5834 | D:6      | Found a bloodstained altar of Trog.
  6122 | D:6      | Found Qecimn's Antique Weapon Boutique.
  6267 | D:6      | Reached XP level 8. HP: 52/52 MP: 13/18
  6268 | D:6      | Found Woruc's General Store.
  6318 | D:6      | Found Numnuul's Magic Scroll Emporium.
  6326 | D:6      | Bought a scroll of magic mapping for 42 gold pieces
  6460 | D:6      | Found Viogiw's Weapon Shoppe.
  6530 | D:6      | Offered knowledge of Ignite Poison by Vehumet.
  6724 | D:7      | Noticed melvinkitnick's ghost (novice OpAs)
  6730 | D:7      | Found a transporter.
  6738 | D:7      | Found a transporter.
  6871 | D:7      | Noticed a hippogriff
  6876 | D:7      | Killed a hippogriff
  6990 | D:7      | Found a blossoming altar of Fedhas.
  7163 | D:7      | Reached *** piety under Vehumet
  7299 | D:7      | Found an iron altar of Okawaru.
  7432 | D:7      | Reached XP level 9. HP: 39/57 MP: 4/21
  7446 | D:7      | Killed melvinkitnick's ghost
  7833 | D:8      | Noticed an ice devil
  7833 | D:8      | Noticed an ice devil
  7834 | D:8      | Noticed an ice devil
  7836 | D:8      | Noticed an ice devil
  7837 | D:8      | Noticed an ice statue
  7837 | D:8      | Noticed an ice devil
  7837 | D:8      | Noticed an ice devil
  7907 | D:8      | Noticed an ice devil
  7971 | D:8      | Offered knowledge of Conjure Flame by Vehumet.
  7998 | D:8      | Found Acour's Distillery.
  8012 | D:8      | Noticed a two-headed ogre
  8027 | D:8      | Killed a two-headed ogre
  8027 | D:8      | Reached skill level 10 in Spellcasting
  8027 | D:8      | Reached skill level 10 in Conjurations
  8188 | D:8      | Found a hazy altar of Hepliaklqana.
  8429 | D:8      | Found a staircase to the Lair.
  8456 | D:8      | Reached **** piety under Vehumet
  8860 | D:8      | Offered knowledge of Venom Bolt by Vehumet.
  8868 | D:8      | Killed an ice devil
  8868 | D:8      | Reached XP level 10. HP: 63/63 MP: 4/24
  9278 | D:8      | Killed an ice statue
 10018 | D:9      | Noticed a two-headed ogre
 10124 | D:9      | Noticed Erolcha
 10128 | D:9      | Killed a two-headed ogre
 10129 | D:9      | Found a glowing silver altar of Zin.
 10308 | Lair:1   | Entered Level 1 of the Lair of Beasts
 10701 | D:9      | Killed Erolcha
 10816 | D:9      | Reached XP level 11. HP: 68/68 MP: 21/26
 11046 | D:9      | Noticed Maurice
 11070 | D:9      | Killed Maurice
 11196 | D:8      | Learned a level 3 spell: Ozocubu's Armour
 11759 | D:10     | Entered Level 10 of the Dungeon
 11868 | D:10     | Reached ***** piety under Vehumet
 12089 | D:10     | Offered knowledge of Freezing Cloud by Vehumet.
 12135 | D:10     | Noticed Snorg
 12778 | D:11     | Noticed an unseen horror
 12780 | D:11     | Noticed Harold
 13460 | D:11     | Killed an unseen horror
 14498 | D:11     | Noticed Grum
 14530 | D:11     | Killed Grum
 14658 | D:11     | Learned a level 6 spell: Freezing Cloud
 14663 | D:11     | Learned a level 4 spell: Fulminant Prism
 14714 | D:11     | Noticed Sonja
 14717 | D:11     | Killed Sonja
 14865 | D:11     | Noticed a two-headed ogre
 14871 | D:11     | Killed a two-headed ogre
 14974 | D:11     | Noticed an orange crystal statue
 14981 | D:11     | Learned a level 4 spell: Force Lance
 15158 | D:11     | Killed an orange crystal statue
 15403 | D:11     | HP: 1/68 [orc warrior/mace (16)]
 15409 | D:11     | Offered knowledge of Sticky Flame by Vehumet.
 15920 | D:11     | Found a roughly hewn altar of Beogh.
 16047 | D:11     | Reached XP level 12. HP: 61/74 MP: 26/29
 16220 | D:12     | Noticed a two-headed ogre
 16231 | D:12     | Killed a two-headed ogre
 16590 | D:12     | Learned a level 5 spell: Yara's Violent Unravelling
 16782 | D:12     | Reached skill level 1 in Hexes
 18355 | D:12     | Found Kuacur Bige's Gadget Emporium.
 18523 | D:12     | Learned a level 3 spell: Dazzling Spray
 18672 | D:12     | Offered knowledge of Poison Arrow by Vehumet.
 18769 | D:12     | Found a staircase to the Orcish Mines.
 18843 | D:12     | Learned a level 6 spell: Poison Arrow
 19521 | D:13     | Found a gate to the Vaults.
 19521 | D:13     | Noticed a vault guard
 19521 | D:13     | Noticed a vault guard
 19521 | D:13     | Noticed a vault guard
 19521 | D:13     | Noticed a vault guard
 19534 | D:13     | Noticed a vault guard
 19571 | D:13     | Killed a vault guard
 19572 | D:13     | Killed a vault guard
 19575 | D:13     | Killed a vault guard
 19652 | D:13     | Killed a vault guard
 19701 | D:13     | Killed a vault guard
 19865 | D:13     | Noticed a vault guard
 19899 | D:13     | Killed a vault guard
 19899 | D:13     | Gained mutation: You are in touch with the powers of death. [Mummy growth]
 19899 | D:13     | Reached XP level 13. HP: 71/79 MP: 1/31
 21019 | D:14     | Reached skill level 15 in Conjurations
 21370 | D:14     | Reached skill level 15 in Spellcasting
 21370 | D:14     | Reached skill level 1 in Transmutations
 22636 | D:15     | Entered Level 15 of the Dungeon
 23127 | D:15     | Offered knowledge of Bolt of Fire by Vehumet.
 23139 | D:15     | Learned a level 6 spell: Bolt of Fire
 23187 | D:15     | Found a portal to a secret trove of treasure.
 23668 | D:15     | Reached skill level 1 in Fire Magic
 23678 | D:15     | Reached XP level 14. HP: 70/85 MP: 25/33
 24174 | D:15     | Found a staircase to the Depths.
 24581 | D:15     | Found Eggilla's General Store.
 24800 | D:15     | Noticed Azrael
 24906 | D:15     | Killed Azrael
 25242 | Orc:1    | Entered Level 1 of the Orcish Mines
 25648 | Orc:2    | Entered Level 2 of the Orcish Mines
 25773 | Orc:2    | Offered knowledge of Bolt of Cold by Vehumet.
 25915 | Orc:2    | Learned a level 6 spell: Bolt of Cold
 25918 | Orc:2    | Learned a level 2 spell: Passwall
 25921 | Orc:2    | Noticed Rupert
 25937 | Orc:2    | Annihilated by Rupert

Vault maps used:
D:1:      ldierk_water_garden
D:2:      old_standard_altar
D:3:      cheibriados_altar_1, first_ration
D:4:      minmay_temple_entry_purple_smoke, serial_shops, nicolae_shop_trees
D:5:      minivault_25
D:6:      serial_shops, nicolae_shop_statue_plus, kennysheep_mini,
          kennysheep_mini_moat, shop, shop, trog_hazing_becter,
          uniq_blork_the_orc
D:7:      marbit_many_paths, okawaru_trees_1, gammafunk_ghost_arena, the_bakery
D:8:      cheibrodos_frozen_isle, old_standard_altar, lair_entry_dummy,
          serial_shops, shop
D:9:      basic_altar, st_stairs_14, uniq_maurice, uniq_erolcha
D:10:     uniq_snorg
D:11:     minmay_statue_hallways, special_room, st_stairs_13, uniq_harold,
          uniq_grum, uniq_sonja
D:12:     david_orc_4, serial_shops, shop
D:13:     erik_vaults_2, amethyst_killhole
D:14:     kennysheep_cross_room
D:15:     grunt_enter_depths_magical_seal, enter_trove_5, serial_shops, shop,
          uniq_azrael
Temple:   minmay_crystal_spiral_temple
Lair:1:   grunt_megastairs_3
Orc:1:    nicolae_orc_crystal_geode
Orc:2:    st_orc_elflike, uniq_rupert, uniq_josephine

Skill      XL: |  1  2  3  4  5  6  7  8  9 10 11 12 13 14 |
---------------+-------------------------------------------+-----
Spellcasting   | 3 4 5 6 8 10 11 13 14 15 16 | 16.2
Conjurations   | 4 5 6 7 8 10 11 13 14 16 | 16.3
Hexes          | 4 |  4.0
Transmutations | 1 |  1.0
Fire Magic     | 1 3 |  3.1
Dodging        | |  1.5
Stealth        | |  1.5

Action                   |  1- 3 |  4- 6 |  7- 9 | 10-12 | 13-15 || total
-------------------------+-------+-------+-------+-------+-------++-------
Melee: Dagger            |    15 |       |       |       |       ||    15
       Falchion          |       |    12 |       |       |       ||    12
       Long sword        |       |     1 |    31 |   109 |    48 ||   189
       Scimitar          |       |       |       |       |     5 ||     5
 Cast: Magic Dart        |    59 |    97 |    50 |     6 |       ||   212
       Searing Ray       |     6 |    20 |    63 |     5 |       ||    94
       Iskenderun's Myst |       |       |    39 |   430 |   160 ||   629
       Fulminant Prism   |       |       |       |     9 |       ||     9
       Freezing Cloud    |       |       |       |    10 |     7 ||    17
       Poison Arrow      |       |       |       |     6 |    43 ||    49
       Force Lance       |       |       |       |       |     7 ||     7
       Bolt of Fire      |       |       |       |       |    30 ||    30
       Bolt of Cold      |       |       |       |       |     1 ||     1
Evoke: Wand              |       |       |    13 |     8 |     9 ||    30
  Use: Scroll            |       |     6 |     4 |     6 |     8 ||    24
 Stab: Sleeping          |     1 |     1 |       |       |       ||     2
       Confused          |       |       |     1 |     1 |       ||     2
       Paralysed         |       |       |       |       |     4 ||     4
Armor: Robe              |     8 |    16 |    11 |    85 |       ||   120
       Leather armour    |       |     6 |    39 |     2 |    14 ||    61
       Acid dragon scale |       |       |       |       |    28 ||    28
       Troll leather arm |       |       |       |       |     6 ||     6
Dodge: Dodged            |    17 |    77 |    94 |   173 |    71 ||   432
       Rpst.: Falchion   |       |    16 |       |       |       ||    16
       Long sword        |       |     4 |    21 |    45 |    16 ||    86
       Scimitar          |       |       |       |       |     1 ||     1

Table legend:
 A = Spawn XP
 B = Non-spawn XP
 C = Spawn XP percentage of total XP
 D = Spawn monster count
 E = Non-spawn monster count
 F = Spawn count percentage of total count
 G = Total turns spent on level
                    A         B        C        D         E        F      G
               +---------+---------+-------+---------+---------+-------+---------
         Total |       0 |   76230 |   0.0 |       0 |     562 |   0.0 | 25937
               +---------+---------+-------+---------+---------+-------+---------
           D:1 |       0 |      20 |   0.0 |       0 |      13 |   0.0 |   902
           D:2 |       0 |      85 |   0.0 |       0 |      28 |   0.0 |  1473
           D:3 |       0 |     247 |   0.0 |       0 |      40 |   0.0 |  1070
           D:4 |       0 |     490 |   0.0 |       0 |      24 |   0.0 |  1518
           D:5 |       0 |     185 |   0.0 |       0 |      14 |   0.0 |   665
           D:6 |       0 |     630 |   0.0 |       0 |      28 |   0.0 |   988
           D:7 |       0 |    1849 |   0.0 |       0 |      23 |   0.0 |   809
           D:8 |       0 |    5381 |   0.0 |       0 |      47 |   0.0 |  3112
           D:9 |       0 |    3786 |   0.0 |       0 |      29 |   0.0 |  1285
          D:10 |       0 |    1180 |   0.0 |       0 |      23 |   0.0 |  1853
          D:11 |       0 |    8592 |   0.0 |       0 |      72 |   0.0 |  2858
          D:12 |       0 |    8345 |   0.0 |       0 |      70 |   0.0 |  2662
          D:13 |       0 |   12172 |   0.0 |       0 |      32 |   0.0 |  2069
          D:14 |       0 |   10495 |   0.0 |       0 |      33 |   0.0 |  1959
          D:15 |       0 |   20692 |   0.0 |       0 |      53 |   0.0 |  2077
        Lair:1 |       0 |     105 |   0.0 |       0 |       1 |   0.0 |     8
         Orc:1 |       0 |    1252 |   0.0 |       0 |      16 |   0.0 |   277
         Orc:2 |       0 |     724 |   0.0 |       0 |      16 |   0.0 |   289
               +---------+---------+-------+---------+---------+-------+---------
